CorruptionSegfaultFreeze, neutral female scurrid Tourist .. .... -......--------- .... ......e....@l........r R......#......\.e....x - -----..-- - .- . .. -- CorruptionSegfaultFreeze the Rambler Experience level: 1 Strength: 14 Dexterity: 15 Constitution: 14 Intelligence: 15 Wisdom: 7 Charisma: 10 Health: 0(9) Energy: 2(2) Def: 0 Gold: 1 Moves: 73 Dungeon seed: vF6fog0M6T9RWgIy Game ID: CorruptionSegfaultFreeze_1498593510 Your Inventory: Coins $ - a gold piece Weapons a - 50 uncursed +2 darts (in quiver) Armor e - an uncursed +0 Hawaiian shirt (being worn) Comestibles b - 2 uncursed tripe rations c - 4 uncursed food rations d - 3 uncursed chestnuts f - 3 uncursed fortune cookies g - an uncursed apple Scrolls i - 3 uncursed scrolls of magic mapping Potions h - 2 uncursed potions of extra healing Wands l - an uncursed wand of secret door detection (0:14) Tools j - an uncursed expensive camera (0:68) k - an uncursed credit card m - an uncursed leash Spells and supernatural/magical abilities: Name Level Category Fail Memory W - pray for help -- divine ? -- Your skills at the end: Miscellaneous Skills wands [Basic] Weapon Skills dart [Basic] Spellcasting Skills Final Attributes: You were devoutly aligned. You had infravision. You were very stealthy. You are dead. Vanquished creatures: 2 giant rats 2 humans 4 creatures vanquished. Voluntary challenges: You went without food. You did not adorn yourself with jewelry or accessories. You did not cause conflict. You were not invisible. You did not have reflection. You were not displaced. You were an atheist. You never hit with a wielded weapon. You were a pacifist. You did not use tools. You did not use plumbed fixtures. You did not drink any magical draughts. You were illiterate. You never genocided any monsters. You never polymorphed an object. You never changed form. You used no wishes. You never split a pudding. You never wrote Elbereth's name. You never violated your personal moral code. Dungeon overview: The Dungeons of Doom: levels 1 to 31 Level 1 a long staircase Level 2 Level 3 a long staircase Level 4 Level 5 Level 6 Level 7 Level 8 Level 9 Level 10 Level 11 Level 12 Level 13 a temple to Offler Level 14 a temple to Blind Io Level 15 Level 16 Level 17 Level 18 Level 19 Level 20 Level 21 Level 22 Level 23 Level 24 Level 25 Level 26 Level 27 Level 28 Level 29 Level 30 Level 31 <- You were here a sink, some benchs History has recorded: On T:1 you entered the Dungeons of Doom to retrieve the Amulet of Yendor! On T:4 you reached level 2 of The Dungeons of Doom. On T:6 you reached level 3 of The Dungeons of Doom. On T:8 you reached level 4 of The Dungeons of Doom. On T:10 you reached level 5 of The Dungeons of Doom. On T:13 you reached level 6 of The Dungeons of Doom. On T:15 you reached level 7 of The Dungeons of Doom. On T:17 you reached level 8 of The Dungeons of Doom. On T:19 you reached level 9 of The Dungeons of Doom. On T:22 you reached level 10 of The Dungeons of Doom. On T:24 you reached level 11 of The Dungeons of Doom. On T:26 you reached level 12 of The Dungeons of Doom. On T:28 you reached level 13 of The Dungeons of Doom. On T:31 you reached level 14 of The Dungeons of Doom. On T:33 you reached level 15 of The Dungeons of Doom. On T:35 you reached level 16 of The Dungeons of Doom. On T:37 you reached level 17 of The Dungeons of Doom. On T:37 you entered the Rogue tribute level. On T:40 you reached level 18 of The Dungeons of Doom. On T:42 you reached level 19 of The Dungeons of Doom. On T:44 you reached level 20 of The Dungeons of Doom. On T:46 you reached level 21 of The Dungeons of Doom. On T:49 you reached level 22 of The Dungeons of Doom. On T:51 you reached level 23 of The Dungeons of Doom. On T:53 you reached level 24 of The Dungeons of Doom. On T:55 you reached level 25 of The Dungeons of Doom. On T:58 you reached level 26 of The Dungeons of Doom. On T:63 you reached level 28 of The Dungeons of Doom. On T:65 you reached level 29 of The Dungeons of Doom. On T:67 you reached level 30 of The Dungeons of Doom. On T:70 you reached The Castle. Score breakdown: Gold: 0 ( 0 points) Experience: 1 level ( 0 points) Exploration: 31 levels ( 900 points) Discoveries: 0 items ( 0 points) Variety of kills: 2 monsters ( 100 points) Major goal: (nothing yet) ( 0 points) Survival: died (score multiplied by 3) Total score: 3000 Latest messages: You dig a hole through the floor. You fall through... You hear some noises in the distance. A tower of flame erupts from the floor under the human! The human is killed! The salamander picks up a potion. Please move the cursor to an unknown object. Done. You hear a wolf howling at the moon. A tower of flame erupts from the floor under the disenchanter! The salamander wields a spear! The salamander touches you! You're on fire! One of your scrolls of magic mapping catches fire and burns! You sense a faint wave of psychic energy. A tower of flame erupts from the floor under the xan! The salamander thrusts his spear at you. The salamander jabs you! You die... Final status: Aloha CorruptionSegfaultFreeze the Tourist, killed by a salamander... You died in The Dungeons of Doom on dungeon level 31 with 3000 points, and 1 piece of gold, after 73 moves. You were level 1 with a maximum of 9 hit points when you died.